 Dungeon Crawl Stone Soup version 0.31-a0-931-g7b59d4eb97 (webtiles) character file.

Game seed: 6255409812090998094

202 pokeman the Magician (level 5, 0/29 HPs)
             Began as a Deep Elf Hedge Wizard on Oct 19, 2023.
             Slain by a hobgoblin
             ... wielding a +0 dagger
              (5 damage)
             ... on level 3 of the Dungeon.
             The game lasted 00:03:43 (2862 turns).

pokeman the Magician (Deep Elf Hedge Wizard)        Turns: 2862, Time: 00:03:44

Health: 0/29       AC:  2    Str:  7    XL:     5   Next: 50%
Magic:  2/15       EV: 13    Int: 21    God:
Gold:   154        SH:  0    Dex: 14    Spells: 8/16 levels left

rFire   . . .        l - +0 halberd (freeze)
rCold   . . .        (shield currently unavailable)
rNeg    . . .        b - +0 robe
rPois   .            c - +0 hat
rElec   .            (no cloak)
rCorr   .            (no gloves)
SInv    +            (no boots)
Will    .....        (no amulet)
Stlth   ++           e - ring of see invisible
HPRegen 0.24/turn    (no ring)
MPRegen 0.14/turn

%: no passive effects
@: no status effects
A: no striking features
a: no special abilities


You were on level 3 of the Dungeon.
You visited 1 branch of the dungeon, and saw 3 of its levels.

You collected 154 gold pieces.

Inventory:

Hand Weapons
 l - a +0 halberd of freezing (weapon)
Armour
 b - a +0 robe (worn)
 c - a +0 hat (worn)
Jewellery
 e - a ring of see invisible (left hand)
Wands
 n - a wand of mindburst (4)
Scrolls
 h - 2 scrolls of revelation {unknown}
 j - a scroll of teleportation {unknown}
 m - a scroll of identify {unknown}
Potions
 a - 2 potions of cancellation {unknown}
 d - a potion of magic
 f - a potion of brilliance {unknown}
 g - 2 potions of enlightenment {unknown}
 i - a potion of degeneration {unknown}
 k - a potion of mutation {unknown}


   Skills:
 - Level 1.0 Fighting
 - Level 1.1 Armour
 - Level 3.0 Dodging
 - Level 3.0 Stealth
 * Level 6.3 Spellcasting
 + Level 2.7 Conjurations
 - Level 1.1 Summonings
 - Level 1.1 Translocations
 + Level 0.3 Air Magic
 + Level 0.7 Poison Magic
 + Level 0.5 Evocations


You had 8 spell levels left.
You knew the following spells:

 Your Spells              Type           Power      Damage    Failure   Level
a - Magic Dart            Conj           72%        1d6       3%          1
b - Mephitic Cloud        Conj/Pois/Air  12%        N/A       17%         3
c - Call Imp              Summ           22%        N/A       9%          2
d - Blink                 Tloc           22%        N/A       9%          2

Your spell library contained the following spells:

 Spells                   Type           Power      Damage    Failure   Level
 Slow                     Hex            24%        N/A       10%         1
 Cigotuvi's Dreadful Rot  Necr/Pois/Air  16%        N/A       12%         2


Dungeon Overview and Level Annotations

Branches:
Dungeon (3/15)

Altars:
Kikubaaqudgha
Sif Muna


Message History

Jessica is engulfed in noxious fumes.
Jessica appears confused.
You feel less confused.
The kobold is engulfed in noxious fumes.
The kobold appears confused.
Reach: l) +0 halberd (freeze)
Press: ? - help, Dir - move target, f/p - Jessica
Aim: Jessica, wielding a +0 club and wearing a +0 robe (almost dead, fast, confused, about 28% to evade your +0 halberd of freezing)
You reach to attack!
You hit Jessica. You freeze Jessica.
You kill Jessica!
Unknown command.
Reach: l) +0 halberd (freeze)
Press: ? - help, Dir - move target, f - kobold
Aim: a kobold, wielding a +0 short sword and quivering stones (confused, about 33% to evade your +0 halberd of freezing)
You reach to attack!
You puncture the kobold! You freeze the kobold.
You kill the kobold!
A hobgoblin comes into view. It is wielding a +0 dagger.
Items here: )) [[ ††.
A kobold comes into view. It is wielding a +0 short sword.
Reach: l) +0 halberd (freeze)
Press: ? - help, Dir - move target, f - hobgoblin
Aim: a hobgoblin, wielding a +0 dagger (about 53% to evade your +0 halberd of freezing)
You reach to attack!
The kobold shouts!
You hit the hobgoblin but do no damage.
The hobgoblin hits you with a +0 dagger.
* * * LOW HITPOINT WARNING * * *
Reach: l) +0 halberd (freeze)
Press: ? - help, Dir - move target, f/p - hobgoblin
Aim: a hobgoblin, wielding a +0 dagger (about 53% to evade your +0 halberd of freezing)
You hit the hobgoblin. You freeze the hobgoblin.
The hobgoblin is severely wounded.
The hobgoblin hits you with a +0 dagger.
* * * LOW HITPOINT WARNING * * *
Reach: l) +0 halberd (freeze)
Press: ? - help, Dir - move target, f/p - hobgoblin
Aim: a hobgoblin, wielding a +0 dagger (severely wounded, about 53% to evade your +0 halberd of freezing)
You closely miss the hobgoblin.
The hobgoblin is severely wounded.
The hobgoblin hits you with a +0 dagger.
You die...

... ... #. .$.#
#####.... ##
...##........##########
......... ............#
♣♣♣♣.._..♣♣♣♣..P.PP....#
.......................#
....K.)....# #.......#
......)....#####.......#
....†)g@.........†....)#
......)....†............
......####..............
...... #......#######.
...... ####...# #. .....
#...# .. ..... ##### .#
.... ##


You could see a hobgoblin and a kobold.

Vanquished Creatures
  A jelly (D:2)
  Jessica (D:3)
  Natasha (twice) (D:3)
  3 gnolls (D:2)
  2 dart slugs
  6 orcs (D:3)
  9 ball pythons
  3 endoplasms
  2 giant cockroaches
  6 goblins
  A hobgoblin (D:3)
  5 jackals
  6 kobolds
  4 quokkas
  6 bats
  3 frilled lizards
  2 rats
62 creatures vanquished.

Notes
Turn   | Place    | Note
-------+----------+-------------------------------------------
     0 | D:1      | pokeman the Deep Elf Hedge Wizard began the quest for the
                  | Orb.
     0 | D:1      | Reached XP level 1. HP: 10/10 MP: 7/7
   415 | D:1      | Reached XP level 2. HP: 15/15 MP: 6/9
   949 | D:1      | Reached skill level 5 in Spellcasting
  1116 | D:1      | Reached XP level 3. HP: 20/20 MP: 8/11
  1120 | D:1      | Learned a level 3 spell: Mephitic Cloud
  1123 | D:1      | Learned a level 2 spell: Call Imp
  1126 | D:1      | Learned a level 2 spell: Blink
  1540 | D:2      | Reached skill level 1 in Fighting
  1540 | D:2      | Reached skill level 1 in Armour
  1725 | D:2      | Reached XP level 4. HP: 25/25 MP: 4/13
  2522 | D:3      | Found a shimmering blue altar of Sif Muna.
  2526 | D:3      | Noticed Natasha
  2533 | D:3      | Killed Natasha
  2749 | D:3      | Reached skill level 6 in Spellcasting
  2787 | D:3      | Noticed Natasha
  2788 | D:3      | Found an ancient bone altar of Kikubaaqudgha.
  2795 | D:3      | Killed Natasha
  2796 | D:3      | Reached XP level 5. HP: 23/29 MP: 12/15
  2840 | D:3      | Noticed Jessica
  2854 | D:3      | Killed Jessica
  2862 | D:3      | Slain by a hobgoblin

Illustrated notes

Levels and vault maps discovered:
D:1:      minmay_arrival_three_doors, layout_loops_corners
D:2:      layout_basic
D:3:      layout_basic, mainiacjoe_overflow_boulevard,
          nicolae_overflow_crystal_walls, nicolae_qazlal_scattered_showers,
          ebering_ecumenical_altar_hall, uniq_natasha, uniq_jessica

Skill      XL: |  1  2  3  4 |
---------------+-------------+-----
Spellcasting   | 5 6 |  6.3
Fighting       | 1 |  1.0
Armour         | 1 |  1.1
Conjurations   | 2 |  2.7
Stealth        | 3 |  3.0
Dodging        | 3 |  3.0
Summonings     | |  1.1
Translocations | |  1.1
Air Magic      | |  0.3
Poison Magic   | |  0.7
Evocations     | |  0.5

Action                     |  1- 3 |  4- 6 || total
---------------------------+-------+-------++-------
  Melee: Dagger            |     1 |     7 ||     8
         Halberd           |       |    22 ||    22
   Cast: Magic Dart        |    87 |    57 ||   144
         Mephitic Cloud    |     1 |     4 ||     5
 Armour: Robe              |     9 |    16 ||    25
  Dodge: Dodged            |     8 |    36 ||    44

Table legend: (Time is in decaauts)
 A = Elapsed time spent in this place.
 B = Non-inter-level travel time spent in this place.
 C = Inter-level travel time spent in this place.
 D = Time resting spent in this place.
 E = Time spent auto-exploring this place.
 F = Levels seen in this place.
 G = Mean time per level.
                   A        B        C        D        E       F      G
               +--------+--------+--------+--------+--------+-----+--------+
         Total |   2870 |   2846 |     24 |      0 |   2537 |   3 |  956.7 |
       Dungeon |   2870 |   2846 |     24 |      0 |   2537 |   3 |  956.7 |
               +--------+--------+--------+--------+--------+-----+--------+

Top non-repeatable levels by time:
     D:1: 1427 daAuts
     D:2: 1010 daAuts
     D:3: 433 daAuts
